XFBL
SAN FRANCISCO GIANTS @ CINCINNATI REDS
09/23/1982
 
TOP OF THE 1ST
San Francisco Giants batting - Pitching for Cincinnati Reds : RHP Gary Nolan
Pitching: RHP Gary Nolan
Batting: SHB Kevin Bass 0-0: Ball
1-0: Called Strike
1-1: Ball
2-1: Swinging Strike
2-2: Strikes out swinging
Batting: RHB Kevin Howard 0-0: Ball
1-0: Swinging Strike
1-1: Called Strike
1-2: Strikes out swinging, 2-3 out at first.
Batting: LHB Keith Hernandez 0-0: Called Strike
0-1: Ball
1-1: Foul Ball, location: 2F
1-2: Fly out, F7 (Flyball, 7, EV 89.4 MPH)
Top of the 1st over - 0 runs, 0 hits, 0 errors, 0 left on base; San Francisco 0 - Cincinnati 0
BOTTOM OF THE 1ST
Cincinnati Reds batting - Pitching for San Francisco Giants : LHP Tim Costello
Pitching: LHP Tim Costello
Batting: RHB John Damon 0-0: Called Strike
0-1: Ground out 5-3 (Groundball, 56, EV 101.3 MPH)
Batting: RHB Marco Mosquera 0-0: Called Strike
0-1: Ball
1-1: Fly out, F8 (Flyball, 89XD, EV 87.5 MPH)
Batting: RHB Gary Matthews 0-0: Ball
1-0: Swinging Strike
1-1: Fly out, F8 (Flyball, 8RXD, EV 87.5 MPH)
Bottom of the 1st over - 0 runs, 0 hits, 0 errors, 0 left on base; San Francisco 0 - Cincinnati 0
TOP OF THE 2ND
San Francisco Giants batting - Pitching for Cincinnati Reds : RHP Gary Nolan
Batting: RHB Phil Bailey 0-0: Foul Ball, location: 2F
0-1: Ball
1-1: Fly out, F8 (Flyball, 8LXD, EV 87.5 MPH)
Batting: RHB Don Slaught 0-0: Reached on error, E6 (Groundball, 6MD, EV 95.6 MPH)
Batting: SHB Tyler O'Dell 0-0: Ball
1-0: Fly out, F4 (Line Drive, 4, EV 69.4 MPH)
Batting: RHB Dickie Thon 0-0: Ball
1-0: Foul Ball, location: 2F
1-1: Ball
2-1: SINGLE (Flyball, 3D, EV 83.8 MPH)
Don Slaught to third
Runner from 3rd tries for Home, SAFE, throw by RF to home
Batting: LHB Doug Frobel 0-0: Ball
1-0: Ball
Balk!
Dickie Thon to second
2-0: Fly out, F8 (Flyball, 8LM, EV 85.0 MPH)
Top of the 2nd over - 1 run, 1 hit, 1 error, 1 left on base; San Francisco 1 - Cincinnati 0
BOTTOM OF THE 2ND
Cincinnati Reds batting - Pitching for San Francisco Giants : LHP Tim Costello
Batting: LHB Mike Easler 0-0: Ball
1-0: Swinging Strike
1-1: Foul Ball, location: 2F
1-2: Ball
2-2: Strikes out swinging, 2-3 out at first.
Batting: RHB Nick Deurloo 0-0: Called Strike
0-1: Foul Ball, location: 2F
0-2: Ball
1-2: Ground out 4-3 (Groundball, 34, EV 91.3 MPH)
Batting: LHB Darrell Evans 0-0: Ball
1-0: Foul Ball, location: 2F
1-1: Foul Ball, location: 2F
1-2: Ball
2-2: Strikes out swinging
Bottom of the 2nd over - 0 runs, 0 hits, 0 errors, 0 left on base; San Francisco 1 - Cincinnati 0
TOP OF THE 3RD
San Francisco Giants batting - Pitching for Cincinnati Reds : RHP Gary Nolan
Batting: LHB Tim Costello 0-0: Ball
1-0: Called Strike
1-1: Called Strike
1-2: Ball
2-2: Foul Ball, location: 2F
2-2: Ball
3-2: DOUBLE (Line Drive, 7LS, EV 110.6 MPH)
Batting: SHB Kevin Bass 0-0: Called Strike
0-1: Ball
1-1: Ball
2-1: DOUBLE (Line Drive, 9LS, EV 105.0 MPH)
Tim Costello scores
Batting: RHB Kevin Howard 0-0: Bunted foul
0-1: Bunt missed!
0-2: SINGLE (Line Drive, 34D, EV 94.4 MPH)
Kevin Bass to third
Runner from 3rd tries for Home, SAFE, throw by RF to home
Batting: LHB Keith Hernandez 0-0: Ball
1-0: Called Strike
1-1: Called Strike
1-2: Ground out 6-3 (Groundball, 4MD, EV 108.8 MPH)
Kevin Howard to second
Batting: RHB Phil Bailey 0-0: Ball
1-0: Foul Ball, location: 2F
1-1: Called Strike
1-2: Fly out, F7 (Flyball, 7LD, EV 110.6 MPH)
Runner from 2nd tags up, SAFE at 3rd, no throw by LF
Batting: RHB Don Slaught 0-0: Called Strike
0-1: Called Strike
0-2: Fly out, F7 (Flyball, 78M, EV 89.4 MPH)
Top of the 3rd over - 2 runs, 3 hits, 0 errors, 1 left on base; San Francisco 3 - Cincinnati 0
BOTTOM OF THE 3RD
Cincinnati Reds batting - Pitching for San Francisco Giants : LHP Tim Costello
Batting: RHB John Malkin 0-0: Ball
1-0: Called Strike
1-1: Called Strike
1-2: DOUBLE (Line Drive, 3D, EV 106.9 MPH)
Batting: RHB Jesus Alfaro 0-0: Ball
1-0: Ball
2-0: Foul Ball, location: 2F
2-1: Ground out 4-3 (Groundball, 4, EV 98.8 MPH)
John Malkin to third
Batting: RHB Gary Nolan 0-0: Ball
1-0: SINGLE (Groundball, 6MD, EV 95.6 MPH)
John Malkin scores
Batting: RHB John Damon 0-0: Ball
1-0: Ball
2-0: Called Strike
2-1: Ball
3-1: DOUBLE (Groundball, 5L, EV 103.8 MPH)
Gary Nolan to third
Runner from 3rd tries for Home, SAFE, no throw by LF
Batting: RHB Marco Mosquera 0-0: Ball
1-0: Called Strike
1-1: Ball
2-1: Called Strike
John Damon steals 3rd base (no throw)
2-2: Fly out, F8 (Flyball, 8RS, EV 90.6 MPH)
Runner from 3rd tags up, OUT at HOME! 8-2
Bottom of the 3rd over - 2 runs, 3 hits, 0 errors, 0 left on base; San Francisco 3 - Cincinnati 2
TOP OF THE 4TH
San Francisco Giants batting - Pitching for Cincinnati Reds : RHP Gary Nolan
Batting: SHB Tyler O'Dell 0-0: Ball
1-0: Foul Ball, location: 2F
1-1: Ball
2-1: Ball
3-1: Foul Ball, location: 2F
3-2: Foul Ball, location: 2F
3-2: Foul Ball, location: 2F
3-2: Fly out, F3 (Line Drive, 3, EV 71.9 MPH)
Batting: RHB Dickie Thon 0-0: Ball
1-0: Called Strike
1-1: Ball
2-1: SINGLE (Line Drive, 78S, EV 101.9 MPH)
Batting: LHB Doug Frobel 0-0: Ball
1-0: Ball
2-0: Called Strike
2-1: Ball
3-1: Called Strike
3-2: DOUBLE (Line Drive, 9LD, EV 99.4 MPH)
Dickie Thon to third
Dickie Thon scores
Batting: LHB Tim Costello 0-0: Called Strike
0-1: Ground out 4-3 (Groundball, 4, EV 85.0 MPH)
Doug Frobel to third
Batting: SHB Kevin Bass 0-0: Ball
1-0: Ground out U3 (Groundball, 34, EV 83.8 MPH)
Top of the 4th over - 1 run, 2 hits, 0 errors, 1 left on base; San Francisco 4 - Cincinnati 2
BOTTOM OF THE 4TH
Cincinnati Reds batting - Pitching for San Francisco Giants : LHP Tim Costello
Batting: RHB Gary Matthews 0-0: Called Strike
0-1: Ball
1-1: Ground out 6-3 (Groundball, 56, EV 107.5 MPH)
Batting: LHB Mike Easler 0-0: SINGLE (Flyball, 34D, EV 93.1 MPH)
Batting: RHB Nick Deurloo 0-0: Fielders Choice at 2nd, 6-4 (Groundball, 6, EV 105.6 MPH)
Batting: LHB Darrell Evans 0-0: Ball
1-0: Ball
2-0: Ball
Wild Pitch!
Nick Deurloo to second
3-0: Base on Balls
Batting: RHB John Malkin 0-0: Called Strike
0-1: SINGLE (Line Drive, 56D, EV 102.5 MPH)
Nick Deurloo to third
Darrell Evans to second
Runner from 3rd tries for Home, SAFE, throw by LF to home
Batting: RHB Jesus Alfaro 0-0: Ground out 5-3 (Groundball, 56, EV 81.3 MPH)
Bottom of the 4th over - 1 run, 2 hits, 0 errors, 2 left on base; San Francisco 4 - Cincinnati 3
TOP OF THE 5TH
San Francisco Giants batting - Pitching for Cincinnati Reds : RHP Gary Nolan
Batting: RHB Kevin Howard 0-0: Ball
1-0: Swinging Strike
1-1: Called Strike
1-2: Fly out, F9 (Flyball, 9S, EV 89.4 MPH)
Batting: LHB Keith Hernandez 0-0: Foul Ball, location: 2F
0-1: Ground out 6-3 (Groundball, 6M, EV 100.0 MPH)
Batting: RHB Phil Bailey 0-0: Called Strike
0-1: Ground out 6-3 (Groundball, 6, EV 82.5 MPH)
Top of the 5th over - 0 runs, 0 hits, 0 errors, 0 left on base; San Francisco 4 - Cincinnati 3
BOTTOM OF THE 5TH
Cincinnati Reds batting - Pitching for San Francisco Giants : LHP Tim Costello
Batting: RHB Gary Nolan 0-0: Ball
1-0: Ball
2-0: Called Strike
2-1: Ball
3-1: Foul Ball, location: 2F
3-2: Foul Ball, location: 2F
3-2: Ground out 4-3 (Groundball, 4, EV 87.5 MPH)
Batting: RHB John Damon 0-0: Fly out, F7 (Line Drive, 7D, EV 94.4 MPH)
Batting: RHB Marco Mosquera 0-0: Ball
1-0: Ball
2-0: Called Strike
2-1: Foul Ball, location: 2F
2-2: Foul Ball, location: 2F
2-2: Foul Ball, location: 2F
2-2: Strikes out swinging
Bottom of the 5th over - 0 runs, 0 hits, 0 errors, 0 left on base; San Francisco 4 - Cincinnati 3
TOP OF THE 6TH
San Francisco Giants batting - Pitching for Cincinnati Reds : RHP Gary Nolan
Batting: RHB Don Slaught 0-0: Ball
1-0: Fly out, F7 (Flyball, 7S, EV 81.9 MPH)
Batting: SHB Tyler O'Dell 0-0: Called Strike
0-1: Called Strike
0-2: Foul Ball, location: 2F
0-2: Ball
1-2: Strikes out swinging
Batting: RHB Dickie Thon 0-0: Ball
1-0: Ground out 4-3 (Groundball, 34, EV 80.6 MPH)
Top of the 6th over - 0 runs, 0 hits, 0 errors, 0 left on base; San Francisco 4 - Cincinnati 3
BOTTOM OF THE 6TH
Cincinnati Reds batting - Pitching for San Francisco Giants : LHP Tim Costello
Batting: RHB Gary Matthews 0-0: Called Strike
0-1: Swinging Strike
0-2: Ball
1-2: Ground out 5-3 (Groundball, 25, EV 80.6 MPH)
Batting: LHB Mike Easler 0-0: Called Strike
0-1: Ball
1-1: Foul Ball, location: 2F
1-2: Ball
2-2: Strikes out swinging
Batting: RHB Nick Deurloo 0-0: SINGLE (Flyball, 4D, EV 89.4 MPH)
Batting: LHB Darrell Evans 0-0: SINGLE (Line Drive, 8LS, EV 99.4 MPH)
Nick Deurloo to second
Runner from 2nd tries for 3rd, SAFE, no throw by CF
Batting: RHB John Malkin 0-0: Called Strike
0-1: Swinging Strike
0-2: Strikes out swinging
Bottom of the 6th over - 0 runs, 2 hits, 0 errors, 2 left on base; San Francisco 4 - Cincinnati 3
TOP OF THE 7TH
San Francisco Giants batting - Pitching for Cincinnati Reds : RHP Gary Nolan
Batting: LHB Doug Frobel 0-0: Foul Ball, location: 2F
0-1: Ball
1-1: SINGLE (Flyball, 8LS, EV 93.1 MPH)
Batting: LHB Tim Costello 0-0: Sac Bunt to 25 - play at first, batter OUT! 5-4
Doug Frobel to second
Batting: SHB Kevin Bass 0-0: Intentional Walk
Batting: RHB Kevin Howard 0-0: Called Strike
0-1: Fielders Choice at 2nd, 6-4 (Groundball, 6M, EV 85.0 MPH)
Doug Frobel to third
Batting: LHB Keith Hernandez 0-0: Ball
1-0: Ball
2-0: Ball
3-0: Ground out 4-3 (Groundball, 4, EV 83.8 MPH)
Top of the 7th over - 0 runs, 1 hit, 0 errors, 2 left on base; San Francisco 4 - Cincinnati 3
BOTTOM OF THE 7TH
Cincinnati Reds batting - Pitching for San Francisco Giants : LHP Tim Costello
Batting: RHB Jesus Alfaro 0-0: Called Strike
0-1: Foul Ball, location: 2F
0-2: Ball
1-2: Strikes out swinging
Batting: RHB Gary Nolan 0-0: Swinging Strike
0-1: Foul Ball, location: 2F
0-2: Strikes out swinging
Batting: RHB John Damon 0-0: Ball
1-0: Swinging Strike
1-1: Foul Ball, location: 2F
1-2: Ball
2-2: Fly out, F7 (Line Drive, 7D, EV 99.4 MPH)
Bottom of the 7th over - 0 runs, 0 hits, 0 errors, 0 left on base; San Francisco 4 - Cincinnati 3
TOP OF THE 8TH
San Francisco Giants batting - Pitching for Cincinnati Reds : RHP Gary Nolan
Batting: RHB Phil Bailey 0-0: Swinging Strike
0-1: Foul Ball, location: 2F
0-2: Ball
1-2: DOUBLE (Line Drive, 89M, EV 106.9 MPH)
Batting: RHB Don Slaught 0-0: Ball
1-0: SINGLE (Line Drive, 8LS, EV 107.5 MPH)
Phil Bailey to third
Runner from 3rd tries for Home, SAFE, throw by CF to home
Batting: SHB Tyler O'Dell 0-0: Swinging Strike
0-1: Foul Ball, location: 2F
0-2: Ball
1-2: Strikes out swinging
Batting: RHB Dickie Thon 0-0: Ball
1-0: Ball
2-0: Foul Ball, location: 2F
2-1: Ball
3-1: Ground out 6-3 (Groundball, P, EV 91.9 MPH)
Don Slaught to second
Batting: LHB Doug Frobel 0-0: Ball
1-0: SINGLE (Groundball, 34, EV 105.6 MPH)
Don Slaught to third
Runner from 3rd tries for Home, SAFE, throw by RF to home
Batting: LHB Tim Costello 0-0: Swinging Strike
0-1: Called Strike
0-2: Strikes out swinging
Top of the 8th over - 2 runs, 3 hits, 0 errors, 1 left on base; San Francisco 6 - Cincinnati 3
BOTTOM OF THE 8TH
Cincinnati Reds batting - Pitching for San Francisco Giants : LHP Tim Costello
Batting: RHB Marco Mosquera 0-0: Called Strike
0-1: Ball
1-1: Called Strike
1-2: Ball
2-2: Foul Ball, location: 2F
2-2: Foul Ball, location: 2F
2-2: Foul Ball, location: 2F
2-2: Ball
3-2: SINGLE (Line Drive, 9S, EV 99.4 MPH)
Batting: RHB Gary Matthews 0-0: Called Strike
0-1: 2-RUN HOME RUN (Line Drive, 9LD, EV 98.8 MPH), Distance : 364 ft
Batting: LHB Mike Easler 0-0: Called Strike
0-1: Ball
1-1: SOLO HOME RUN (Flyball, 89XD, EV 89.4 MPH), Distance : 388 ft
Pitching: RHP Charles Davis
Batting: RHB Nick Deurloo 0-0: Ball
1-0: Called Strike
1-1: Swinging Strike
1-2: Ball
2-2: Fly out, F8 (Line Drive, 8RM, EV 92.5 MPH)
Batting: LHB Darrell Evans 0-0: Foul Ball, location: 2F
0-1: Foul Ball, location: 2F
0-2: Strikes out looking
Batting: RHB John Malkin 0-0: Foul Ball, location: 2F
0-1: Ball
1-1: Called Strike
1-2: Foul Ball, location: 2F
1-2: Strikes out looking
Bottom of the 8th over - 3 runs, 3 hits, 0 errors, 0 left on base; San Francisco 6 - Cincinnati 6
TOP OF THE 9TH
San Francisco Giants batting - Pitching for Cincinnati Reds : RHP Gary Nolan
Batting: SHB Kevin Bass 0-0: Ball
1-0: Foul Ball, location: 2F
1-1: Fly out, F7 (Line Drive, 78M, EV 106.3 MPH)
Pinch Hitting: LHB Kevin Christensen 0-0: DOUBLE (Line Drive, 7LS, EV 110.0 MPH)
Batting: LHB Keith Hernandez 0-0: Intentional Walk
Pitching: RHP Jay Dillard
Now in RF: Jim Bennett
Batting: RHB Phil Bailey 0-0: Grounds into double play, 6-4-3 (Groundball, 6M, EV 83.1 MPH)
Top of the 9th over - 0 runs, 1 hit, 0 errors, 1 left on base; San Francisco 6 - Cincinnati 6
BOTTOM OF THE 9TH
Cincinnati Reds batting - Pitching for San Francisco Giants : RHP Charles Davis
Now at 2B: Larry Reynolds
Pinch Hitting: LHB Scott Radloff 0-0: Called Strike
0-1: Ground out 4-3 (Groundball, 4S, EV 85.0 MPH)
Batting: LHB Jim Bennett 0-0: Ground out 4-3 (Groundball, 4, EV 93.1 MPH)
Batting: RHB John Damon 0-0: Ball
1-0: Foul Ball, location: 2F
1-1: Foul Ball, location: 2F
1-2: Ball
2-2: Ball
3-2: Foul Ball, location: 2F
3-2: Fly out, F3 (Line Drive, 3, EV 63.8 MPH)
Bottom of the 9th over - 0 runs, 0 hits, 0 errors, 0 left on base; San Francisco 6 - Cincinnati 6
TOP OF THE 10TH
San Francisco Giants batting - Pitching for Cincinnati Reds : RHP Jay Dillard
Now at SS: Ramon Borrero
Batting: RHB Don Slaught 0-0: Ball
1-0: DOUBLE (Flyball, 89D, EV 110.0 MPH)
Batting: SHB Tyler O'Dell 0-0: Ball
1-0: Called Strike
1-1: Ground out 1-3 (Groundball, 15S, EV 67.5 MPH)
Batting: RHB Dickie Thon 0-0: Ball
1-0: Foul Ball, location: 2F
1-1: Fly out, F2 (Popup, 5SF, EV 86.9 MPH)
Batting: LHB Doug Frobel 0-0: Ball
1-0: Foul Ball, location: 2F
1-1: Ball
2-1: Ball
3-1: Foul Ball, location: 2F
3-2: Strikes out swinging
Top of the 10th over - 0 runs, 1 hit, 0 errors, 1 left on base; San Francisco 6 - Cincinnati 6
BOTTOM OF THE 10TH
Cincinnati Reds batting - Pitching for San Francisco Giants : RHP Charles Davis
Pitching: LHP Sheldon Burnside
Now in CF: Derwin McNealy
Batting: RHB Marco Mosquera 0-0: Called Strike
0-1: Foul Ball, location: 2F
0-2: Foul Ball, location: 2F
0-2: Ball
1-2: Foul Ball, location: 2F
1-2: Ball
2-2: Strikes out looking
Batting: RHB Gary Matthews 0-0: Foul Ball, location: 2F
0-1: Ball
1-1: Ball
2-1: Called Strike
2-2: Reached on error, E6 (Groundball, 6, EV 86.3 MPH)
Batting: LHB Mike Easler 0-0: Ball
Gary Matthews is caught stealing 2nd base 2-6
1-0: Ball
2-0: Foul Ball, location: 2F
2-1: Called Strike
2-2: Ball
3-2: Foul Ball, location: 2F
3-2: TRIPLE (Flyball, 8RXD, EV 91.3 MPH)
Pinch Hitting: LHB Joseph Talley 0-0: Foul Ball, location: 2F
0-1: Foul Ball, location: 2F
0-2: Ball
1-2: Ball
2-2: Ball
3-2: Strikes out swinging
Bottom of the 10th over - 0 runs, 1 hit, 1 error, 1 left on base; San Francisco 6 - Cincinnati 6
TOP OF THE 11TH
San Francisco Giants batting - Pitching for Cincinnati Reds : RHP Jay Dillard
Pitching: LHP Danny Boone
Batting: LHB Derwin McNealy 0-0: Ball
1-0: SINGLE (Line Drive, 9LS, EV 99.4 MPH)
Batting: SHB Kevin Bass 0-0: Called Strike
Derwin McNealy steals 2nd base
0-1: Ball
1-1: Intentional Walk
Batting: SHB Larry Reynolds 0-0: Foul Ball, location: 2F
0-1: Foul Ball, location: 2F
0-2: Ball
1-2: Ball
2-2: SINGLE (Groundball, 5S, EV 68.1 MPH) (infield hit)
Derwin McNealy to third
Kevin Bass to second
Batting: LHB Keith Hernandez 0-0: Ball
1-0: Grounds into fielders choice 3-2 (Groundball, 34S, EV 87.5 MPH)
Kevin Bass to third
Larry Reynolds to second
Batting: RHB Phil Bailey 0-0: Fly out, F4 (Popup, 34, EV 70.0 MPH)
Batting: RHB Don Slaught 0-0: Ball
1-0: Fly out, F8 (Flyball, 8RM, EV 83.8 MPH)
Top of the 11th over - 0 runs, 2 hits, 0 errors, 3 left on base; San Francisco 6 - Cincinnati 6
BOTTOM OF THE 11TH
Cincinnati Reds batting - Pitching for San Francisco Giants : LHP Sheldon Burnside
Pitching: RHP Ross Davis
Now at 2B: Larry Milbourne
Batting: LHB Darrell Evans 0-0: Swinging Strike
0-1: Swinging Strike
0-2: Strikes out swinging
Batting: RHB John Malkin 0-0: Ball
1-0: Ball
2-0: Ball
3-0: Called Strike
3-1: Base on Balls
Batting: RHB Ramon Borrero 0-0: Called Strike
0-1: Foul Ball, location: 2F
0-2: Foul Ball, location: 2F
0-2: Fielders Choice at 2nd, 1-4 (Groundball, 15S, EV 69.4 MPH)
Batting: LHB Jim Bennett 0-0: Ball
1-0: Foul Ball, location: 2F
1-1: Foul Ball, location: 2F
1-2: Strikes out swinging
Bottom of the 11th over - 0 runs, 0 hits, 0 errors, 1 left on base; San Francisco 6 - Cincinnati 6
TOP OF THE 12TH
San Francisco Giants batting - Pitching for Cincinnati Reds : LHP Danny Boone
Batting: SHB Tyler O'Dell 0-0: Ball
1-0: Ball
2-0: Foul Ball, location: 2F
2-1: Foul Ball, location: 2F
2-2: Ground out 5-3 (Groundball, 56S, EV 69.4 MPH)
Batting: RHB Dickie Thon 0-0: Ball
1-0: Ball
2-0: Foul Ball, location: 2F
2-1: Ground out 6-3 (Groundball, 6M, EV 83.8 MPH)
Batting: SHB Larry Milbourne 0-0: Ball
1-0: Called Strike
1-1: Called Strike
1-2: Foul Ball, location: 2F
1-2: Ball
2-2: Strikes out swinging
Top of the 12th over - 0 runs, 0 hits, 0 errors, 0 left on base; San Francisco 6 - Cincinnati 6
BOTTOM OF THE 12TH
Cincinnati Reds batting - Pitching for San Francisco Giants : RHP Ross Davis
Batting: RHB John Damon 0-0: SINGLE (Groundball, 34D, EV 100.6 MPH)
Batting: RHB Marco Mosquera 0-0: Fly out, F4 (Line Drive, 4, EV 71.3 MPH)
Batting: RHB Gary Matthews 0-0: Ball
1-0: Swinging Strike
1-1: Ball
2-1: Swinging Strike
John Damon steals 2nd base (no throw)
2-2: Fly out, F3 (Flyball, 34D, EV 84.4 MPH)
Batting: LHB Mike Easler 0-0: Ground out U3 (Groundball, 3L, EV 101.3 MPH)
Bottom of the 12th over - 0 runs, 1 hit, 0 errors, 1 left on base; San Francisco 6 - Cincinnati 6
TOP OF THE 13TH
San Francisco Giants batting - Pitching for Cincinnati Reds : LHP Danny Boone
Batting: LHB Derwin McNealy 0-0: Foul Ball, location: 2F
0-1: Ball
1-1: Foul Ball, location: 2F
1-2: Ball
2-2: Foul Ball, location: 2F
2-2: Ground out 3-1 (Groundball, 34S, EV 94.4 MPH)
Batting: SHB Kevin Bass 0-0: SINGLE (Groundball, 6D, EV 106.3 MPH)
Pinch Hitting: RHB Billy L Smith 0-0: Fly out, F7 (Line Drive, 7D, EV 92.5 MPH)
Batting: LHB Keith Hernandez 0-0: Foul Ball, location: 2F
0-1: Swinging Strike
0-2: Strikes out swinging
Top of the 13th over - 0 runs, 1 hit, 0 errors, 1 left on base; San Francisco 6 - Cincinnati 6
BOTTOM OF THE 13TH
Cincinnati Reds batting - Pitching for San Francisco Giants : RHP Ross Davis
Pitching: LHP Doug Capilla
Batting: LHB Danny Boone 0-0: Reached on error, E1 (Groundball, 34S, EV 66.9 MPH)
Batting: LHB Darrell Evans 0-0: Called Strike
0-1: Foul Ball, location: 2F
0-2: Ball
1-2: Foul Ball, location: 2F
1-2: 2-RUN HOME RUN (Flyball, 9LD, EV 102.5 MPH), Distance : 366 ft
Bottom of the 13th over - 2 runs, 1 hit, 1 error, 0 left on base; San Francisco 6 - Cincinnati 8
Wednesday, September 2nd, 2020 - OOTP Baseball 21.5 Build 76